 Dungeon Crawl Stone Soup version 0.28-a0-674-gdaf460b524 (webtiles) character file.

Game seed: 15317418604384225207

143 bande the Covered (level 5, -3/33 HPs)
             Began as a Gargoyle Fighter on Oct 17, 2021.
             Slain by a gnoll sergeant (6 damage)
             ... on level 3 of the Dungeon.
             The game lasted 00:03:25 (2613 turns).

bande the Covered (Gargoyle Fighter)                Turns: 2613, Time: 00:03:25

Health: -3/33      AC: 12    Str: 21    XL:     5   Next: 25%
Magic:  5/5        EV:  9    Int:  8    God:
Gold:   82         SH:  4    Dex:  9    Spells: 4/4 levels left

rFire   . . .      SeeInvis .   a - +0 war axe (freeze)
rCold   + . .      Faith    .   c - +0 buckler
rNeg    + . .      Spirit   .   b - +0 scale mail
rPois   ∞          Reflect  .   (no helmet)
rElec   +          Harm     .   (no cloak)
rCorr   .          Rampage  .   g - +0 pair of gloves
Will    .....                   (no boots)
Stlth   ..........              (no amulet)
HPRegen 0.11/turn               h - ring of protection from cold
MPRegen 0.09/turn               (no ring)

@: no status effects
A: sickness immunity, AC +4, negative energy resistance 1, electricity
resistance, torment resistance 1, petrification resistance
a: no special abilities


You were on level 3 of the Dungeon.
You visited 1 branch of the dungeon, and saw 3 of its levels.

You collected 82 gold pieces.

Inventory:

Hand Weapons
 a - a +0 war axe of freezing (weapon)
Armour
 b - a +0 scale mail (worn)
 c - a +0 buckler (worn)
 g - a +0 pair of gloves (worn)
Jewellery
 h - a ring of protection from cold (left hand)
Scrolls
 j - a scroll of teleportation
Potions
 d - 2 potions of might
 e - a potion of curing
 f - a potion of mutation {unknown}
 i - a potion of heal wounds {unknown}
 k - a potion of ambrosia {unknown}


   Skills:
 + Level 3.9 Fighting
 + Level 3.5 Axes
 + Level 4.2 Armour
 - Level 0.1 Dodging
 + Level 3.7 Shields


You had 4 spell levels left.
You didn't know any spells.
Your spell library contained the following spells:

 Spells                   Type           Power      Damage    Failure   Level
 Animate Skeleton         Necr           0%         N/A       75%         1
 Apportation              Tloc           0%         N/A       75%         1
 Summon Small Mammal      Summ           0%         N/A       75%         1
 Passwall                 Tmut/Erth      0%         N/A       87%         2
 Swiftness                Air            0%         N/A       98%         3
 Invisibility             Hex            0%         N/A       100%        6


Dungeon Overview and Level Annotations

Branches:
Dungeon (2/15)

Altars:
Nemelex Xobeh
Sif Muna


Innate Abilities, Weirdness & Mutations

You are immune to sickness and miasma.
Your stone body is resilient. (AC +4)
You are immune to poison.
You resist negative energy. (rN+)
You are resistant to electric shocks. (rElec)
You are resistant to unholy torment.
You are immune to petrification.


Message History

You are too injured to fight recklessly!
You are too injured to fight recklessly!
Unknown command.
You block the gnoll sergeant's attack.
Things that are here:
a +0 mace; a +0 ring mail; an orc corpse You see here a +0 club.
There is an open door here.
The gnoll hits you but does no damage. You block the gnoll's attack.
You closely miss the gnoll. The gnoll hits you with a +0 spear.
The gnoll sergeant barely misses you. The gnoll closely misses you.
You closely miss the gnoll. You block the gnoll sergeant's attack.
The gnoll hits you with a +0 spear. The gnoll hits you but does no damage.
You slash the gnoll! You freeze the gnoll.
You kill the gnoll!
The gnoll sergeant hits you but does no damage.
The gnoll barely misses you.
The gnoll sergeant hits you from afar with a +0 spear.
* * * LOW HITPOINT WARNING * * *
You see here a +0 spear.
There is an open door here.
You open the door.
There is an open door here.
There is an open door here.
There is a sparkling altar of Nemelex Xobeh here.
There is an open door here.
The gnoll sergeant hits you but does no damage.
The gnoll sergeant hits you from afar with a +0 spear.
* * * LOW HITPOINT WARNING * * *
The gnoll sergeant completely misses you.
You block the gnoll sergeant's attack.
The gnoll hits you from afar with a +0 spear.
* * * LOW HITPOINT WARNING * * *
The gnoll sergeant hits you but does no damage.
You block the gnoll's attack. You block the gnoll's attack.
You closely miss the gnoll. The gnoll closely misses you.
The gnoll sergeant hits you from afar with a +0 spear.
You die...

######## #......# ###
##.####.# ##.## #.....#.#
#####.#.##
#.....#.########.##.###..
#.......@gggg.g...##.#.##
#.....#.######.....##.##
#.....#.# ##...###.#
##......# ##.g.....#
##.##### #...###### #†#
#.#.### ##.## #.....#
##.#.## #.#'#.# #.###.##
##.#.#.##


You could see a gnoll sergeant and 4 gnolls.

Vanquished Creatures
  Jessica (D:3)
  Natasha (D:3)
  3 adders
  A gnoll (D:3)
  2 dart slugs
  An orc (D:3)
  An endoplasm (D:1)
  A giant cockroach (D:3)
  6 goblins
  5 hobgoblins
  4 jackals (D:1)
  2 quokkas
  8 ball pythons
  7 bats
  2 frilled lizards
  4 kobolds
  3 rats
52 creatures vanquished.

Notes
Turn   | Place    | Note
-------+----------+-------------------------------------------
     0 | D:1      | bande the Gargoyle Fighter began the quest for the Orb.
     0 | D:1      | Reached XP level 1. HP: 14/14 MP: 1/1
    87 | D:1      | Reached XP level 2. HP: 15/19 MP: 2/2
   954 | D:1      | Reached XP level 3. HP: 19/23 MP: 3/3
  1814 | D:2      | Reached XP level 4. HP: 23/29 MP: 4/4
  1910 | D:2      | You fall into a shaft and drop 1 floor!
  2051 | D:3      | Noticed Jessica
  2059 | D:3      | Noticed Natasha
  2062 | D:3      | Killed Jessica
  2063 | D:3      | Reached skill level 4 in Armour
  2069 | D:3      | Killed Natasha
  2070 | D:3      | Reached XP level 5. HP: 16/33 MP: 5/5
  2239 | D:3      | Found a sparkling altar of Nemelex Xobeh.
  2391 | D:3      | Found a shimmering blue altar of Sif Muna.
  2613 | D:3      | Slain by a gnoll sergeant

Illustrated notes

Levels and vault maps discovered:
D:1:      mushboom_english_gardens, layout_basic, serial_bayou_pond_d
D:2:      layout_loops_ring, dreamdust_ecumenical_altar_hidden_monk_grotto
D:3:      cheibrodos_greedy_goblins, layout_loops_corners, vehumet_statue,
          mainiacjoe_overflow_surrounded_room, mainiacjoe_overflow_chevrons,
          uniq_jessica, uniq_natasha

Skill      XL: |  1  2  3  4 |
---------------+-------------+-----
Axes           | 2 3 |  3.5
Armour         | 4 |  4.2
Fighting       | |  3.9
Dodging        | |  0.1
Shields        | |  3.7

Action                   |  1- 3 |  4- 6 || total
-------------------------+-------+-------++-------
Melee: War axe           |   138 |    60 ||   198
  Use: Scroll            |     3 |     2 ||     5
Armor: Scale mail        |    88 |    39 ||   127
Dodge: Dodged            |    80 |    31 ||   111
Block: Buckler           |    29 |    13 ||    42

Table legend: (Time is in decaauts)
 A = Elapsed time spent in this place.
 B = Non-inter-level travel time spent in this place.
 C = Inter-level travel time spent in this place.
 D = Time resting spent in this place.
 E = Time spent auto-exploring this place.
 F = Levels seen in this place.
 G = Mean time per level.
                   A        B        C        D        E       F      G
               +--------+--------+--------+--------+--------+-----+--------+
         Total |   2690 |   2669 |     21 |    151 |   1940 |   3 |  896.7 |
       Dungeon |   2690 |   2669 |     21 |    151 |   1940 |   3 |  896.7 |
               +--------+--------+--------+--------+--------+-----+--------+

Top non-repeatable levels by time:
     D:1: 1531 daAuts
     D:3: 722 daAuts
     D:2: 435 daAuts
